← All builds
Geo sea / Armada / Economy first / OBSERVED BUILD

Standard geo sea

Armada Geo sea build order · Supreme Isthmus

The role's baseline: bot lab then shipyard in the cove, early destroyer and submarine to contest the sea, with geothermal powering the economy as the game transitions into a naval/amphibious mix.

Usually shipyard in the cove (89%)

#naval #eco · 1353 distinct matches · 173 players · 78% of Armada Geo sea games · team won 55% of 1508 · Recently observed

HOW TO PLAY IT

Key timing: Shipyard by 3:12

  1. Open 3 mex and wind, then drop Bot Lab by 1:12.
  2. Build Shipyard in the cove to start the naval contest.
  3. Pump submarine then destroyer to contest enemy sea entry.
  4. Add geothermal powerplant to fund the economy transition.
  5. Upgrade to Advanced Metal Extractor as eco scaling finishes.

Phase by phase

TYPICAL OF ITS 1353 GAMES
  1. 1
  2. 2
  3. 3
  4. 4
PLAY THE OPENING

Follow the example game's first 6:00 step by step: what to build now, what comes next, and where it goes. At 1× it keeps pace with your own game.

  1. 1

    Up to the Bot Lab

    Economy
    • Metal Extractor3Mex
    • Wind Turbine3Wind
    Order
    1. Bot LabBot Lab after 3 mex, 3 winddone ~1:12, middle half 1:06–1:18

    Some games also: wind for allies (46%)

    By 0:55 in all: 3 mex · 3 wind

    The example game in this phase · 3 steps
    1. Mex ×3
    2. Wind ×4
    3. Bot LabBot Labdone 1:13 · typical 1:12
  2. 2

    Bot Lab to Shipyard

    Economy
    • Metal Extractor1Mex
    • Wind Turbine1Wind
    Order
    1. ShipyardShipyard after 4 mex, 4 winddone ~3:11, middle half 2:48–3:37
    Builders
    • Construction Bot3 Con bot
    • Lazarus2 Lazarus

    Some games also: pawn (42%) · con turret (39%) · crossbow (39%)

    By 2:47 in all: 4 mex · 4 wind

    The example game in this phase · 5 steps
    1. Construction BotCon bot
    2. LazarusLazarus ×2
    3. Mex
    4. Construction BotCon bot
    5. ShipyardShipyarddone 2:31 · typical 3:11
  3. 3

    Shipyard to 5:00

    Economy
    • Metal Extractor4Mex
    • Wind Turbine2Wind
    Order
    1. Bot LabEat Bot Lab
    Builders
    • Construction Ship1 Con ship
    Army
    • Dolphin3 Dolphin
    • Skater1 Skater
    Other
    • Radar Tower1 Radar Tower

    Some games also: destroyer (48%) · Sentry (44%) · submarine (44%) · converter (33%) · con turret (32%)

    By 5:00 in all: 8 mex · 7 wind · 1 energy storage · 1 con turret

    The example game in this phase · 32 steps
    1. Construction BotCon bot
    2. Wind
    3. Construction ShipCon ship
    4. Mex
    5. Construction ShipCon ship
    6. Tidal
    7. Wind
    8. Construction BotCon bot
    9. Mex
    10. Wind
    11. SkaterSkater
    12. Mex
    13. Wind ×2
    14. Mex
    15. Energy storage
    16. DolphinDolphin
    17. Wind
    18. SentrySentry
    19. DolphinDolphin
    20. Naval Radar / Sonar TowerNaval Radar / Sonar Tower
    21. Bot LabEat Bot Labreclaimed for its metal
    22. Wind
    23. DolphinDolphin ×2
    24. Wind
    25. DolphinDolphin
    26. SentrySentry
    27. CorsairDestroyerdone 5:02 · typical 5:39
    28. Wind
    29. Mex
    30. Geothermal PowerplantGeodone 6:07 · typical 7:52
    31. NettleNettle
    32. Wind
  4. 4

    5:00 to 10:00

    Economy
    • Metal Extractor2Mex
    • Wind Turbine12Wind
    • Energy Converter3Converter
    Builders
    • Construction Turret1 Con turret
    • Grim Reaper1 Grim Reaper
    • Construction Ship1 Con ship
    Army
    • Sentry1 Sentry
    • Dolphin4 Dolphin
    • Skater2 Skater
    • Corsair2 Destroyer

    Some games also: Harpoon (42%) · frigate (42%) · geo (41%) · Naval Construction Turret (35%) · submarine (31%)

    By 10:00 in all: 11 mex · 20 wind · 1 geo · 4 converter · 1 energy storage · 2 con turret

    The example game in this phase · 206 steps
    1. Grim ReaperGrim Reaper
    2. Radar TowerRadar Tower
    3. Wind
    4. Dragon's TeethDragon's Teeth
    5. Construction ShipCon ship
    6. Naval Radar / Sonar TowerNaval Radar / Sonar Tower
    7. Naval Construction Turret
    8. Dragon's TeethDragon's Teeth ×2
    9. Converter
    10. Dragon's TeethDragon's Teeth ×2
    11. HarpoonHarpoon
    12. Dragon's TeethDragon's Teeth ×3
    13. SkaterSkater
    14. Dragon's TeethDragon's Teeth ×2
    15. DolphinDolphin
    16. Dragon's TeethDragon's Teeth
    17. Converter ×2
    18. Dragon's TeethDragon's Teeth
    19. DolphinDolphin
    20. Dragon's TeethDragon's Teeth
    21. DolphinDolphin
    22. Dragon's TeethDragon's Teeth
    23. Naval Radar / Sonar TowerNaval Radar / Sonar Tower
    24. Converter
    25. Naval Construction Turret
    26. Dragon's TeethDragon's Teeth ×3
    27. DolphinDolphin
    28. Dragon's TeethDragon's Teeth
    29. Converter
    30. Dragon's TeethDragon's Teeth ×2
    31. Tidal
    32. DolphinDolphin
    33. Dragon's TeethDragon's Teeth
    34. Tidal
    35. Dragon's TeethDragon's Teeth
    36. Converter
    37. CorsairDestroyer
    38. Dragon's TeethDragon's Teeth
    39. Tidal
    40. SentrySentry
    41. Dragon's TeethDragon's Teeth ×2
    42. Converter
    43. Dragon's TeethDragon's Teeth
    44. Radar TowerRadar Tower
    45. SentrySentry
    46. Converter
    47. Con turret
    48. Tidal
    49. Grim ReaperGrim Reaper
    50. Tidal
    51. Converter
    52. Tidal
    53. Mex
    54. Construction ShipCon ship
    55. Converter
    56. SkaterSkater
    57. DolphinDolphin
    58. Mex
    59. DolphinDolphin
    60. Naval Radar / Sonar TowerNaval Radar / Sonar Tower
    61. DolphinDolphin ×2
    62. HarpoonHarpoon
    63. Wind
    64. DolphinDolphin
    65. CorsairDestroyer
    66. Wind
    67. Naval Construction Turret
    68. Wind ×2
    69. Advanced Metal ExtractorT2 mexdone 10:14 · typical 9:20
    70. Converter
    71. Grim ReaperGrim Reaper
    72. Wind
    73. Construction ShipCon ship
    74. Wind
    75. SkaterSkater
    76. DolphinDolphin
    77. Wind
    78. DolphinDolphin ×2
    79. Wind
    80. DolphinDolphin ×2
    81. Converter
    82. CorsairDestroyer
    83. Wind
    84. Naval Construction Turret
    85. Advanced Metal ExtractorT2 mex
    86. Grim ReaperGrim Reaper
    87. Wind
    88. Naval Construction Turret
    89. Wind
    90. Naval Radar / Sonar TowerNaval Radar / Sonar Tower
    91. Naval Construction Turret ×2
    92. Construction ShipCon ship
    93. Wind
    94. Naval Construction Turret
    95. Converter
    96. Naval Construction Turret
    97. SkaterSkater
    98. DolphinDolphin
    99. Wind
    100. DolphinDolphin
    101. Naval Construction Turret
    102. Advanced Metal ExtractorT2 mex
    103. Tidal
    104. Wind
    105. Naval Construction Turret
    106. DolphinDolphin
    107. Wind
    108. DolphinDolphin ×2
    109. Converter
    110. Naval NettleNaval Nettle
    111. CorsairDestroyer
    112. Naval Radar / Sonar TowerNaval Radar / Sonar Tower
    113. Naval NettleNaval Nettle
    114. ShipyardShipyarddone 11:44
    115. Con turret
    116. Naval Radar / Sonar TowerNaval Radar / Sonar Tower
    117. Tidal
    118. Grim ReaperGrim Reaper
    119. Tidal
    120. DolphinDolphin
    121. Advanced Metal ExtractorT2 mex
    122. Construction ShipCon ship
    123. SkaterSkater
    124. Tidal
    125. DolphinDolphin
    126. Wind
    127. Tidal
    128. EllysawFrigate
    129. DolphinDolphin
    130. Wind
    131. EllysawFrigate
    132. Tidal
    133. SkaterSkater
    134. Tidal
    135. Wind
    136. EllysawFrigate
    137. Wind
    138. DolphinDolphin
    139. EllysawFrigate
    140. Tidal
    141. DolphinDolphin
    142. Converter
    143. SkaterSkater
    144. Wind
    145. DolphinDolphin
    146. EllysawFrigate
    147. Tidal
    148. Wind
    149. SkaterSkater
    150. Wind
    151. ShipyardEat Shipyardreclaimed for its metal
    152. Advanced ShipyardAdvanced Shipyarddone 12:54
    153. ShipyardEat Shipyardreclaimed for its metal
    154. Tidal
    155. Wind
    156. Converter
    157. Wind
    158. Mex
    159. Advanced Metal ExtractorT2 mex
    160. Wind
    161. Advanced Construction SubAdvanced Construction Sub
    162. Aircraft PlantAircraft Plantdone 13:27
    163. Tidal
    164. VoyagerVoyager
    165. Mex
    166. VoyagerVoyager ×2
    167. Wind
    168. StorkLight transport
    169. Naval Advanced Metal ExtractorNaval Advanced Metal Extractordone 13:45
    170. VoyagerVoyager
    171. Naval Radar / Sonar TowerNaval Radar / Sonar Tower
    172. Tidal
    173. Wind
    174. VoyagerVoyager
    175. Advanced Metal ExtractorT2 mex
    176. Mex
    177. Construction AircraftCon aircraft
    178. Con turret
    179. Converter
    180. Con turret
    181. Naval Advanced Metal ExtractorNaval Advanced Metal Extractor
    182. Wind
    183. Tidal
    184. Wind
    185. Construction AircraftCon aircraft
    186. Wind ×3
    187. Converter
    188. Tidal
    189. Wind ×2
    190. Construction AircraftCon aircraft
    191. Wind
    192. Converter
    193. Wind ×2
    194. Naval Advanced Metal ExtractorNaval Advanced Metal Extractor
    195. Tidal
    196. Con turret
    197. Wind ×2
    198. Construction AircraftCon aircraft
    199. Con turret
    200. Wind
    201. Converter
    202. Wind
    203. SentrySentry
    204. Converter ×2
    205. Construction AircraftCon aircraft
    206. Wind

Counts are medians over the build's games: half of them build more, half fewer. The example game is _X_'s (40 OS, 13/10/2026); pick another.

Team trades

IN AT LEAST 30% OF ITS GAMES

You hand over

  • Wind Turbine2 Wind to Airfirst at 1:41 · in 64% of games

You get

  • Finch1 Finch from Airfirst at 1:53 · in 74% of games
  • Hercules1 Light transport from Airfirst at 2:04 · in 65% of games
  • Advanced Construction Bot1 T2 con bot from Techfirst at 7:43 · in 90% of games

How it plays out

Typical game of this build, running totals by minute

Metal produced

010k20k30k
0:005:0010:0015:00

metal

Enemy metal destroyed

05k10k
0:005:0010:0015:00

metal

Own metal lost

02.5k5k7.5k
0:005:0010:0015:00

metal

1508 games.

Show as table
ByMetal produced: This buildEnemy metal destroyed: This buildOwn metal lost: This build
1:0039500
2:0092800
3:00159900
4:002877040
5:00412619054
6:005518531295
7:007056993625
8:00872116891025
9:001057824601595
10:001280333622244
11:001538344153110
12:001846854653798
13:002177264294605
14:002537275585383
15:002893884516202
WHAT THE NUMBERS SAY

Standard Geo sea play wins slightly less than half the time but builds a strong metal base by 15:00 with moderate losses.

  • + Metal produced reaches 29210 by 15:00, well above Beach sea's early pace.
  • + Corsair (destroyer) makes up 34% of army, a clear naval focus.
  • − Own metal lost climbs to 6339 by 15:00 from sea skirmishes.
  • − Geothermal only completes in 58% of games, an inconsistent power spike.
THE EXAMPLE YOU ARE READING

_X_

40.3 OS · 13/10/2026

Open source match ↗

3 received units · includes a constructor
150 metal received · 19264 energy received

Allied construction assistance is unknown. Timings are observations, not a promise of solo reproducibility.

Typical milestones

Bot Lab1:12Middle 50%: 1:06–1:18 · n=1466
Shipyard3:11Middle 50%: 2:48–3:37 · n=1488
Eel4:27Middle 50%: 3:45–5:37 · n=918
Corsair5:39Middle 50%: 4:56–6:38 · n=1388
Geothermal Powerplant7:52Middle 50%: 6:48–9:30 · n=950
Advanced Metal Extractor9:20Middle 50%: 8:38–10:10 · n=1319

Played most by

_X_134games of this buildJesterB66games of this buildOptimusprimenutt61games of this buildhaaven55games of this buildpyrothraxus51games of this build